 Dungeon Crawl Stone Soup version 0.20-a0-303-g575bbf7 (webtiles) character file.

126 Junicave the Digger (level 5, -1/28 HPs)
             Began as a Gargoyle Earth Elementalist on Dec 17, 2016.
             Killed from afar by an orc wizard (6 damage)
             ... with a puff of flame
             ... on level 3 of the Dungeon.
             The game lasted 00:07:51 (3070 turns).

Junicave the Digger (Gargoyle Earth Elementalist)   Turns: 3070, Time: 00:07:53

Health: -1/28      AC:  6    Str: 11    XL:     5   Next: 9%
Magic:  6/10       EV: 12    Int: 17    God:
Gold:   107        SH:  0    Dex: 10    Spells: 7/11 levels left

rFire  . . .     SeeInvis .     l - +2 dagger (protect)
rCold  . . .     Gourm    .     c - +0 robe
rNeg   + . .     Faith    .     (no shield)
rPois  ∞         Spirit   .     (no helmet)
rElec  +         Reflect  .     (no cloak)
rCorr  .         Harm     .     (no gloves)
MR     +....                    (no boots)
Stlth  ++........               (no amulet)
                                (no ring)
                                v - ring of protection from magic

@: no status effects
A: negative energy resistance 1, electricity resistance, unbreathing,
petrification resistance, rot immunity, AC +4
a: no special abilities


You were on level 3 of the Dungeon.
You were hungry.

You visited 1 branch of the dungeon, and saw 3 of its levels.

You collected 107 gold pieces.

Inventory:

Hand Weapons
 h - a +0 dagger
 i - a +0 whip
 l - a +2 dagger of protection (weapon)
 m - a +0 short sword of draining
Missiles
 b - 150 stones (quivered)
Armour
 c - a +0 robe (worn)
Jewellery
 v - a ring of protection from magic (left hand)
Scrolls
 a - 2 scrolls of recharging {unknown}
 f - 3 scrolls of teleportation {unknown}
 g - 3 scrolls of identify {unknown}
 j - 3 scrolls of random uselessness {unknown}
 k - 2 scrolls of remove curse {unknown}
 n - a scroll of amnesia {unknown}
 t - a scroll of fog {unknown}
 u - a scroll of enchant weapon {unknown}
Potions
 o - 2 potions of heal wounds {unknown}
 p - a potion of flight {unknown}
 q - a potion of lignification {unknown}
 r - 2 potions of brilliance {unknown}
 s - a potion of resistance {unknown}
 x - a potion of might {unknown}
Books
 e - a book of Geomancy

   Spells                             Type                      Level
   a - Sandblast                      Earth                        1
   b - Passwall                       Transmutation/Earth          2
   c - Stone Arrow                    Conjuration/Earth            3
   d - Petrify                        Transmutation/Earth          4
   e - Lee's Rapid Deconstruction     Earth                        5
Comestibles
 w - 3 fruits


   Skills:
 - Level 1.5 Dodging
 - Level 2.1 Stealth
 * Level 3.6 Spellcasting
 + Level 1.6 Conjurations
   Level 0.7 Transmutations
 + Level 4.8 Earth Magic


You had 7 spell levels left.
You knew the following spells:

 Your Spells              Type           Power        Failure   Level  Hunger
a - Sandblast             Erth           ###...       2%          1    None
b - Stone Arrow           Conj/Erth      ##....       14%         3    ###....


Dungeon Overview and Level Annotations

Branches:
Dungeon (3/15)

Altars:
Elyvilon
Qazlal

Annotations:
D:3 Grinder


Innate Abilities, Weirdness & Mutations

You are resistant to torment.
Your stone body is resilient. (AC +4)
You are immune to poison.
You resist negative energy. (rN+)
You are resistant to electric shocks. (rElec)
You can survive without breathing.
You are immune to petrification.
You are immune to rotting.


Message History

Something hits you.
Casting: Sandblast
Confirm with . or Enter, or press ? or * to list all spells.
Aiming: Sandblast
Press: ? - help, Shift-Dir - straight line The blast of sand hits something.
You hear some strange, mumbled words.
A magic dart appears from out of thin air!
The magic dart hits you!
Casting: Sandblast
Confirm with . or Enter, or press ? or * to list all spells.
Aiming: Sandblast
Press: ? - help, Shift-Dir - straight line Grinder gestures at you.
Pain shoots through your body!
* * * LOW HITPOINT WARNING * * *
You hear some strange, mumbled words.
A puff of flame appears from out of thin air!
The puff of flame hits you!
You die...

.... .... ..... .....
.....( #......
######.r.....
###########.{@.†.5.....
#.<)........#####......
......########## .....
####..# .... #.s. ...
#.#. .. .. .. .


or. .# .o. .. You could see Grinder and a rat.

Vanquished Creatures
  Jessica (D:2)
  Ijyb (D:2)
  An adder (D:2)
  3 worms (D:2)
  A dart slug (D:2)
  4 leopard geckos (D:2)
  A ball python (D:3)
  6 giant cockroaches
  11 hobgoblins
  9 kobolds
  3 bats
  A frilled lizard (D:1)
  4 goblins
  4 rats
50 creatures vanquished.

Notes
Turn   | Place    | Note
-------+----------+-------------------------------------------
     0 | D:1      | Junicave the Gargoyle Earth Elementalist began the quest for the Orb.
     0 | D:1      | Reached XP level 1. HP: 10/10 MP: 3/3
   172 | D:1      | Reached skill level 4 in Earth Magic
   172 | D:1      | Reached XP level 2. HP: 9/15 MP: 0/5
  1616 | D:2      | Reached XP level 3. HP: 19/19 MP: 7/7
  1621 | D:2      | Learned a level 3 spell: Stone Arrow
  1721 | D:2      | Found a white marble altar of Elyvilon.
  1977 | D:2      | Noticed Jessica
  1992 | D:2      | Killed Jessica
  1992 | D:2      | Reached XP level 4. HP: 6/24 MP: 3/9
  2230 | D:2      | Noticed Ijyb
  2274 | D:2      | Killed Ijyb
  2274 | D:2      | Reached skill level 1 in Conjurations
  2324 | D:2      | Found a stormy altar of Qazlal.
  2466 | D:2      | Reached XP level 5. HP: 28/28 MP: 8/10
  2690 | D:2      | Found a white marble altar of Elyvilon.
  2915 | D:2      | Found a stormy altar of Qazlal.
  3061 | D:3      | Noticed Grinder
  3070 | D:3      | Killed from afar by an orc wizard

Vault maps used:
D:1:      minmay_arrival_radiant_lines
D:2:      elyvilon_altar_1, grunt_qazlal_sundering, uniq_iyjb, uniq_jessica
D:3:      first_bread, uniq_sigmund, uniq_grinder, uniq_terence

Skill      XL: |  1  2  3  4 |
---------------+-------------+-----
Earth Magic    | 4 |  4.8
Spellcasting   | 3 |  3.6
Conjurations   | 1 |  1.6
Dodging        | |  1.5
Stealth        | |  2.1
Transmutations | |  0.7

Action                   |  1- 3 |  4- 6 || total
-------------------------+-------+-------++-------
Melee: Unarmed           |    10 |       ||    10
       Whip              |     8 |       ||     8
       Short sword       |    25 |       ||    25
       Dagger            |    42 |    79 ||   121
 Cast: Sandblast         |    37 |     8 ||    45
 Stab: Sleeping          |     4 |     1 ||     5
  Eat: Bread ration      |     1 |       ||     1
       Chunk             |       |     2 ||     2
Armor: Robe              |    34 |    37 ||    71
Dodge: Dodged            |    76 |    79 ||   155
